 Dungeon Crawl Stone Soup version 0.17-a0-1976-g482a304 (webtiles) character file.

5837 Ordine the Grappler (level 10, -13/81 HPs)
             Began as a Troll Monk on Oct 5, 2015.
             Mangled by a black mamba (19 damage)
             ... on level 6 of the Lair of Beasts.
             The game lasted 00:29:07 (8153 turns).

Ordine the Grappler (Troll Monk)                    Turns: 8153, Time: 00:29:07

Health: -13/81     AC:  5    Str: 24    XL:     10   Next: 51%
Magic:  9/9        EV: 14    Int:  7    God:
Gold:   441        SH:  0    Dex: 15    Spells: 0 memorised, 9 levels left

rFire  . . .     SeeInvis .       - Unarmed
rCold  + . .     Clarity  .     a - +1 robe
rNeg   . . .     SustAt   .     (no shield)
rPois  +         Gourm    +     (helmet restricted)
rElec  .         Spirit   .     (no cloak)
rCorr  .         Warding  .     (gloves unavailable)
rMut   .         Stasis   .     (boots unavailable)
MR     .....                    (no amulet)
Stlth  ++........               l - +3 ring of strength
                                s - ring "Yreonlagij" {*Contam rPois rC+ Int+3}

@: lethally poisoned (-13 -> -29), not resistant to hostile enchantments,
unstealthy
A: unfitting armour, claws 3, blurry vision 1, deformed body, deterioration 1,
dopey 1, fast metabolism 3, frail 2, gourmand, regeneration 2, shaggy fur 1,
tough skin 2, wild magic 1
a: no special abilities


You were on level 6 of the Lair of Beasts.
You were very hungry.

You visited 3 branches of the dungeon, and saw 15 of its levels.

You collected 441 gold pieces.

Inventory:

Armour
 a - a +1 robe (worn)
 u - a +0 shield
Magical Staves
 f - an uncursed staff of fire
Jewellery
 e - an uncursed ring of see invisible
 l - a +3 ring of strength (right claw)
 n - an uncursed ring of protection from fire
 s - the ring "Yreonlagij" (left claw) {*Contam rPois rC+ Int+3}
   (You found it on level 6 of the Dungeon)

   [ring of poison resistance]

   It affects your intelligence (+3).
   It protects you from cold.
   It protects you from poison.
   It causes magical contamination when unequipped.
Wands
 k - a wand of flame (48)
 o - a wand of fireball (2)
Scrolls
 d - 2 scrolls of magic mapping
 g - a scroll of teleportation
 m - a scroll of fog {unknown}
 w - a scroll of recharging
Potions
 h - a potion of invisibility
 i - 2 potions of brilliance
 t - 2 potions of resistance
Books
 q - a book of Fire

   Spells                             Type                      Level
   a - Ignite Poison                  Fire/Transmutation/Poison    3
   b - Fireball                       Conjuration/Fire             5
   c - Bolt of Fire                   Conjuration/Fire             6
   d - Delayed Fireball               Conjuration/Fire             7
   e - Ring of Flames                 Charms/Fire                  7
Comestibles
 b - 9 bread rations
 c - 5 fruits
 j - 2 meat rations
 p - a beef jerky
 r - a slice of pizza


   Skills:
 + Level 7.1 Fighting
 + Level 7.1 Dodging
 - Level 1.1 Stealth
 * Level 11.8 Unarmed Combat


You had 9 spell levels left.
You didn't know any spells.

Dungeon Overview and Level Annotations

Branches:
Dungeon (8/15)             Temple (1/1) D:4            Lair (6/8) D:8
 Spider (0/4) Lair:3
  Swamp: Lair:3-6    Shoals: Lair:3-6     Slime: Lair:6-8

Altars:
Ashenzari
Cheibriados
Dithmenos
Elyvilon
Fedhas
Gozag
Kikubaaqudgha
Makhleb
Nemelex Xobeh
Okawaru
Qazlal
Ru
Sif Muna
Trog
Vehumet
Xom
Yredelemnul
Zin
The Shining One


Innate Abilities, Weirdness & Mutations

You are too large for most types of armour.
You have claws for hands.
Your metabolism is lightning-fast.
You like to eat raw meat.
You heal very quickly.
You are covered in fur (AC +1).
You have very tough skin (AC +2).
Scrolls take you a little longer to read.
Armour fits poorly on your strangely shaped body.
Your body sometimes deteriorates upon taking damage.
You are dopey. (Int -2)
You are very frail (-20% HP).
Your spells are a little harder to cast, but a little more powerful.


Message History

You feel sick. The black mamba bites you!
* * * LOW HITPOINT WARNING * * *
Drink which item? (? for menu, Esc to quit)
Okay, then.
You scratch the black mamba. Your claw misses the black mamba.
The black mamba is almost dead.
* * * LOW HITPOINT WARNING * * *
You feel very sick. The black mamba bites you!
* * * LOW HITPOINT WARNING * * *
The black mamba barely misses you.
You scratch the black mamba.
The black mamba is almost dead.
* * * LOW HITPOINT WARNING * * *
You feel sick. The black mamba misses you.
You closely miss the black mamba.
The black mamba is almost dead.
* * * LOW HITPOINT WARNING * * *
You feel sick. The black mamba bites you!!
You die...

#...##....
#...# ....
###..# .#.
#....###..#
##P.....+..
#.........
##.........
#.#........
##.@.......
#.S...#P..
#.....####
.......#
##P...#.#
##....#..
#$.......
#....##..


You could see a black mamba.

Vanquished Creatures
  A griffon (Lair:6)
  A spiny frog (Lair:2)
  2 black mambas
  A basilisk (Lair:4)
  A hungry ghost (D:7)
  2 hippogriffs
  4 water moccasins
  3 wargs (D:8)
  An ogre (D:6)
  An ice beast (D:5)
  3 sky beasts
  A necrophage (D:7)
  2 crocodiles
  2 centaurs
  2 giant frogs (D:6)
  4 scorpions
  9 killer bees
  4 hounds
  4 crimson imps
  3 jellies
  2 giant frog skeletons
  7 orc priests
  A wasp zombie (D:6)
  A gnoll shaman (D:4)
  10 orc wizards
  6 iguanas
  6 worker ants
  2 sheep
  3 hound zombies
  2 hound skeletons
  A worker ant zombie (D:7)
  14 gnolls
  11 adders
  A river rat (Lair:6)
  An ooze (D:6)
  2 adder skeletons
  A worm (D:2)
  5 giant geckos
  32 orcs
  2 ball pythons
  6 bats
  5 giant cockroaches
  9 hobgoblins
  17 jackals
  A giant gecko skeleton (D:4)
  A giant gecko zombie (D:7)
  4 giant newts
  4 goblins
  A jackal zombie (D:7)
  7 kobolds
  6 quokkas
  3 rats
225 creatures vanquished.

Vanquished Creatures (others)
  An orc warrior (D:7)
  A giant frog (D:7)
  An orc wizard (D:7)
  A worker ant (D:7)
  An orc (D:7)
  A ball python (D:7)
6 creatures vanquished.

Grand Total: 231 creatures vanquished

Notes
Turn   | Place    | Note
--------------------------------------------------------------
     0 | D:1      | Ordine the Troll Monk began the quest for the Orb.
     0 | D:1      | Reached XP level 1. HP: 22/22 MP: 0/0
   106 | D:1      | Reached XP level 2. HP: 18/29 MP: 1/1
   715 | D:2      | Reached XP level 3. HP: 33/36 MP: 2/2
   888 | D:2      | Found a burning altar of Makhleb.
  1137 | D:2      | Found a white marble altar of Elyvilon.
  1142 | D:2      | Found a bloodstained altar of Trog.
  1147 | D:2      | Found a basalt altar of Yredelemnul.
  1363 | D:3      | Found a faded altar to an unknown god.
  1581 | D:2      | Reached XP level 4. HP: 37/45 MP: 3/3
  1743 | D:3      | Reached skill level 5 in Unarmed Combat
  2119 | D:4      | Reached XP level 5. HP: 49/53 MP: 4/4
  2158 | D:4      | Reached XP level 6. HP: 58/61 MP: 5/5
  2315 | D:4      | Reached skill level 6 in Unarmed Combat
  2567 | D:4      | Reached XP level 7. HP: 67/70 MP: 6/6
  2633 | D:4      | Found a staircase to the Ecumenical Temple.
  2691 | Temple   | Entered the Ecumenical Temple
  3154 | D:5      | Entered Level 5 of the Dungeon
  3440 | D:5      | Reached skill level 7 in Unarmed Combat
  3863 | D:5      | Gained mutation: Your spells are a little harder to cast, but a little more powerful. [potion of beneficial mutation]
  4012 | D:6      | Reached XP level 8. HP: 75/79 MP: 7/7
  4224 | D:6      | Reached skill level 8 in Unarmed Combat
  4299 | D:6      | Reached skill level 5 in Fighting
  4312 | D:6      | Got a wavering platinum ring
  4325 | D:6      | Identified the ring "Yreonlagij" {*Contam rPois rC+ Int+3} (You found it on level 6 of the Dungeon)
  4358 | D:6      | Gained mutation: You are frail (-10% HP). [mutagenic meat]
  4359 | D:6      | Gained mutation: You are dopey. (Int -2) [mutagenic meat]
  4366 | D:6      | Reached skill level 5 in Dodging
  4461 | D:6      | Gained mutation: Scrolls take you a little longer to read. [mutagenic glow]
  4793 | D:7      | Found a shimmering altar of Xom.
  4897 | D:7      | Reached skill level 9 in Unarmed Combat
  4947 | D:7      | Reached XP level 9. HP: 54/79 MP: 8/8
  5149 | D:7      | Found a blossoming altar of Fedhas.
  5166 | D:7      | Found a shattered altar of Ashenzari.
  5169 | D:7      | Found a shadowy altar of Dithmenos.
  5230 | D:7      | Found a shimmering altar of Xom.
  5249 | D:7      | Reached skill level 10 in Unarmed Combat
  5775 | D:7      | Gained mutation: Your body sometimes deteriorates upon taking damage. [potion of mutation]
  5775 | D:7      | Gained mutation: You are very frail (-20% HP). [potion of mutation]
  5775 | D:7      | Gained mutation: Armour fits poorly on your strangely shaped body. [potion of mutation]
  6721 | D:8      | HP: 1/72 [warg (9)]
  6875 | D:8      | Found a staircase to the Lair.
  6910 | D:8      | Reached skill level 11 in Unarmed Combat
  6910 | D:8      | Reached XP level 10. HP: 49/80 MP: 9/9
  7097 | Lair:1   | Entered Level 1 of the Lair of Beasts
  7097 | Lair:1   | Noticed a black mamba
  7106 | Lair:1   | Killed a black mamba
  7509 | Lair:2   | Noticed a black mamba
  7522 | Lair:2   | Killed a black mamba
  7768 | Lair:3   | Found a hole to the Spider Nest.
  7997 | Lair:5   | Noticed a griffon
  8012 | Lair:6   | Killed a griffon
  8142 | Lair:6   | Noticed a black mamba
  8153 | Lair:6   | Mangled by a black mamba

Vault maps used:
D:1:      saegor_arrival_simple_f, minmay_distorted
D:2:      minmay_overflow_temple_star_quad, bloody_makhleb
D:3:      ecumenical_altar_1
D:4:      minmay_temple_entry_water_ring, first_bread,
          minmay_misc_feat_ornament, kennysheep_generic_room_10
D:6:      kennysheep_six_static_rooms
D:7:      grunt_temple_overflow_cloverleaf, xom_confusion_cloud
D:8:      erik_lair_orcish_takeover
Temple:   dpeg_five_rooms_temple_12
Lair:1:   grunt_megastairs_4
Lair:2:   st_stairs_12
Lair:3:   minmay_swamp_entry_wisps, dummy_spider_entry, grunt_megastairs_2
Lair:4:   gammafunk_lair_bear_cave
Lair:5:   portal_ice_cave_entry_imps, minmay_lindwurm_lava

Action                   |  1- 3 |  4- 6 |  7- 9 | 10-12 || total
-------------------------+-------+-------+-------+-------++-------
Melee: Unarmed           |   112 |   133 |   393 |    63 ||   701
  Use: Scroll            |       |     6 |    12 |     1 ||    19
       Potion            |       |     1 |     7 |     1 ||     9
 Stab: Sleeping          |     6 |     2 |     4 |     2 ||    14
       Invisible         |       |       |    11 |       ||    11
  Eat: Chunk             |    16 |    12 |    51 |     2 ||    81
